 Dungeon Crawl Stone Soup version 0.21.1-1-g345015fe64 (webtiles) character file.

7573 Razbojnik the Thaumaturge (level 10, -24/52 HPs)
             Began as a Deep Elf Conjurer on July 26, 2018.
             Was a Priest of Vehumet.
             Annihilated by a komodo dragon (32 damage)
             ... on level 1 of the Lair of Beasts.
             The game lasted 01:13:55 (9565 turns).

Razbojnik the Thaumaturge (Deep Elf Conjurer)       Turns: 9565, Time: 01:13:55

Health: -24/52     AC:  4    Str:  6    XL:     10   Next: 97%
Magic:  5/28       EV: 15    Int: 23    God:    Vehumet [***...]
Gold:   341        SH:  0    Dex: 15    Spells: 14/34 levels left

rFire    . . .     SeeInvis .   k - +0 dagger
rCold    . . .     Gourm    .   (no shield)
rNeg     . . .     Faith    .   E - +0 robe
rPois    .         Spirit   .   C - +1 helmet
rElec    .         Reflect  .   (no cloak)
rCorr    +         Harm     .   (no gloves)
MR       ++...                  (no boots)
Stlth    +++.......             B - amulet of regeneration
HPRegen  0.57/turn              j - ring of protection from magic
MPRegen  0.21/turn              w - ring of resist corrosion

@: no status effects
A: no striking features
a: Renounce Religion


You were on level 1 of the Lair of Beasts.
You worshipped Vehumet.
Vehumet was most pleased with you.
You were hungry.

You visited 3 branches of the dungeon, and saw 11 of its levels.

You collected 341 gold pieces.

Inventory:

Hand Weapons
 a - a cursed -2 short sword
 k - a +0 dagger (weapon)
 r - a +1 vampiric dagger
 t - a +0 spear
 F - a +1 trident of piercing
Missiles
 e - 5 tomahawks of returning (quivered)
 g - 32 bolts
 o - 47 poisoned needles
 y - 16 sling bullets
Armour
 C - a +1 helmet (worn)
 E - a +0 robe (worn)
 I - a +2 ring mail of fire resistance
 J - a cursed -1 leather armour
Jewellery
 j - a ring of protection from magic (left hand)
 w - a ring of resist corrosion (right hand)
 B - an amulet of regeneration (around neck)
 L - an uncursed amulet of rage
Wands
 G - a wand of iceblast (8)
 N - a wand of enslavement (12)
 O - a wand of random effects (35)
Scrolls
 d - 2 scrolls of identify
 f - a scroll of immolation
 i - 3 scrolls of teleportation
 n - 3 scrolls of amnesia {unknown}
 u - 5 scrolls of fear {unknown}
 x - 3 scrolls of remove curse {unknown}
 A - a scroll of enchant weapon
 R - a scroll of acquirement {unknown}
Potions
 h - 3 potions of brilliance
 l - a potion of mutation {unknown}
 m - 3 potions of lignification {unknown}
 p - a potion of heal wounds {unknown}
 q - 2 potions of magic {unknown}
 s - 2 potions of agility {unknown}
 v - 4 potions of haste {unknown}
 z - a potion of berserk rage
 D - 2 potions of flight
 H - 2 potions of curing {unknown}
Books
 b - a book of Conjurations

   Spells                             Type                      Level
   a - Magic Dart                     Conjuration                  1
   b - Searing Ray                    Conjuration                  2
   c - Dazzling Spray                 Conjuration/Hexes            3
   d - Fulminant Prism                Conjuration/Hexes            4
   e - Force Lance                    Conjuration/Translocation    4
   f - Iskenderun's Mystic Blast      Conjuration                  4
 K - a book of Air

   Spells                             Type                      Level
   a - Shock                          Conjuration/Air              1
   b - Swiftness                      Charms/Air                   2
   c - Static Discharge               Conjuration/Air              3
   d - Airstrike                      Air                          4
   e - Lightning Bolt                 Conjuration/Air              5
 M - a book of Changes

   Spells                             Type                      Level
   a - Beastly Appendage              Transmutation                1
   b - Sticks to Snakes               Transmutation                2
   c - Spider Form                    Transmutation/Poison         3
   d - Ice Form                       Ice/Transmutation            4
   e - Blade Hands                    Transmutation                5
 Q - a book of Geomancy

   Spells                             Type                      Level
   a - Sandblast                      Earth                        1
   b - Passwall                       Transmutation/Earth          2
   c - Stone Arrow                    Conjuration/Earth            3
   d - Petrify                        Transmutation/Earth          4
   e - Lee's Rapid Deconstruction     Earth                        5
Comestibles
 c - 14 rations


   Skills:
 - Level 1.2 Fighting
 - Level 1.1 Throwing
 - Level 5.1 Dodging
 - Level 6.1 Stealth
 + Level 12.7 Spellcasting
 + Level 10.6 Conjurations
 - Level 6.1 Hexes
 - Level 2.0 Transmutations
 - Level 4.3 Fire Magic
 - Level 4.1 Air Magic
 - Level 2.0 Poison Magic
 - Level 2.0 Evocations


You had 14 spell levels left.
You knew the following spells:

 Your Spells              Type           Power        Failure   Level  Hunger
a - Magic Dart            Conj           ####         1%          1    None
b - Searing Ray           Conj           ######       1%          2    None
c - Dazzling Spray        Conj/Hex       ######       1%          3    None
d - Fulminant Prism       Conj/Hex       ######....   1%          4    None
e - Iskenderun's Mystic   Conj           ######..     1%          4    None
f - Mephitic Cloud        Conj/Pois/Air  #####...     1%          3    None
g - Ignite Poison         Fire/Tmut/Pois ####....     1%          3    None


Dungeon Overview and Level Annotations

Branches:
Dungeon (8/15)             Temple (1/1) D:4            Lair (2/6) D:8
  Swamp: Lair:2-4    Shoals: Lair:2-4     Snake: Lair:2-4    Spider: Lair:2-4

Altars:
Ashenzari
Cheibriados
Dithmenos
Fedhas
Gozag
Hepliaklqana
Kikubaaqudgha
Makhleb
Nemelex Xobeh
Okawaru
Qazlal
Ru
Sif Muna
Trog
Uskayaw
Vehumet
Wu Jian
Xom
Yredelemnul
Jiyva


Message History

Confirm with . or Enter, or press ? or * to list all spells.
Aiming: Searing Ray
Press: ? - help, Shift-Dir - straight line, f/p - komodo dragon
Aim: a komodo dragon (moderately wounded, blind, hasn't noticed you)
The searing ray hits the komodo dragon.
The komodo dragon is heavily wounded. (Press . to maintain the ray.)
You feel sick.
You are no longer poisoned.
The komodo dragon hisses angrily.
The komodo dragon is no longer blind.
The searing ray hits the komodo dragon.
The komodo dragon is severely wounded.
The komodo dragon bites you!!
* * * LOW HITPOINT WARNING * * *
The searing ray hits the komodo dragon.
The komodo dragon is almost dead.
The komodo dragon bites you!!
Ouch! That really hurt!
You die...

.# ..#####
.....## #....
.. #...# ...
#..## ..#
##.#.#### #..
#...@l†>#..#
#..####.#.#
#.## #...# #.#
#.### #.# #.#
#.#####.#######
P#..
#..............
....#
#P......#.##.##
#.#.
#...../.....#
..#


You could see a komodo dragon.

Vanquished Creatures
  A black mamba (Lair:1)
  A spiny frog (Lair:1)
  A komodo dragon (Lair:1)
  A hippogriff (D:8)
  The ghost of Analysis the Grave Robber, an amateur DENe (D:5)
  3 yaks (Lair:1)
  3 basilisks
  A hungry ghost (D:7)
  Duvessa (D:6)
  3 orc warriors
  4 porcupines
  An ice beast (D:8)
  3 sky beasts
  3 black bears (D:8)
  3 phantoms
  4 wolves (D:8)
  2 ogres
  3 centaurs
  4 crocodiles (Lair:1)
  10 bullfrogs
  A water moccasin zombie (D:8)
  2 scorpions
  Dowan (D:6)
  A water moccasin skeleton (D:8)
  2 vampire bats (D:6)
  8 wights (D:8)
  2 howler monkeys
  2 crimson imps
  2 bullfrog zombies
  A centaur zombie (D:6)
  A quasit (D:8)
  A jelly (D:6)
  2 hounds
  8 orc priests
  A bullfrog skeleton (D:3)
  Jessica (D:2)
  2 iguanas (D:8)
  12 orc wizards
  3 worker ants
  A hound zombie (D:6)
  A hound skeleton (D:7)
  9 gnolls
  12 adders
  A shadow imp (D:5)
  An ooze (D:2)
  3 adder skeletons
  4 worms
  4 dart slugs
  2 leopard geckos
  36 orcs
  A ball python (D:1)
  9 bats
  4 bat skeletons (D:6)
  3 giant cockroaches
  5 goblins
  7 hobgoblins
  16 jackals
  10 frilled lizards
  A giant cockroach zombie (D:6)
  A jackal skeleton (D:6)
  6 kobolds
  A leopard gecko zombie (D:6)
  12 rats
  2 fulminant prisms
258 creatures vanquished.

Vanquished Creatures (others)
  A bush (D:8)
  52 fulminant prisms
  3 fungi
  5 plants
61 creatures vanquished.

Grand Total: 319 creatures vanquished

Notes
Turn   | Place    | Note
-------+----------+-------------------------------------------
     0 | D:1      | Razbojnik the Deep Elf Conjurer began the quest for the Orb.
     0 | D:1      | Reached XP level 1. HP: 10/10 MP: 6/6
   188 | D:1      | Reached XP level 2. HP: 15/15 MP: 5/8
   197 | D:1      | Learned a level 2 spell: Searing Ray
   425 | D:1      | Reached skill level 4 in Spellcasting
   672 | D:1      | Reached skill level 5 in Conjurations
   672 | D:1      | Reached XP level 3. HP: 19/19 MP: 8/10
   677 | D:1      | Learned a level 3 spell: Dazzling Spray
   880 | D:1      | Reached skill level 1 in Hexes
  1228 | D:2      | Reached XP level 4. HP: 24/24 MP: 8/12
  1234 | D:2      | Learned a level 4 spell: Fulminant Prism
  1247 | D:2      | Noticed Jessica
  1254 | D:2      | Killed Jessica
  1610 | D:2      | Found a sparkling altar of Nemelex Xobeh.
  2076 | D:3      | Reached XP level 5. HP: 28/28 MP: 11/13
  2375 | D:3      | Reached skill level 5 in Spellcasting
  2404 | D:3      | Reached skill level 5 in Hexes
  3069 | D:3      | Reached XP level 6. HP: 28/32 MP: 0/16
  3326 | D:4      | Found a snail-covered altar of Cheibriados.
  3373 | D:4      | Found a staircase to the Ecumenical Temple.
  3544 | D:4      | Reached skill level 6 in Spellcasting
  3565 | Temple   | Entered the Ecumenical Temple
  3579 | Temple   | Became a worshipper of Vehumet
  3782 | D:4      | Learned a level 4 spell: Iskenderun's Mystic Blast
  3919 | D:4      | Reached XP level 7. HP: 23/36 MP: 10/18
  4063 | D:4      | Found a blossoming altar of Fedhas.
  4277 | D:4      | Reached skill level 1 in Fighting
  4277 | D:4      | Reached skill level 7 in Spellcasting
  4438 | D:4      | Found a hide-covered altar of Uskayaw.
  4605 | D:4      | Found a basalt altar of Yredelemnul.
  4605 | D:4      | Found a shimmering altar of Xom.
  4790 | D:5      | Entered Level 5 of the Dungeon
  4911 | D:5      | Reached skill level 1 in Throwing
  5014 | D:5      | Reached * piety under Vehumet
  5014 | D:5      | Offered knowledge of Shock by Vehumet.
  5065 | D:5      | Found a snail-covered altar of Cheibriados.
  5065 | D:5      | Found a stormy altar of Qazlal.
  5065 | D:5      | Found a sacrificial altar of Ru.
  5195 | D:5      | Reached XP level 8. HP: 43/43 MP: 10/21
  5249 | D:5      | Noticed Analysis's ghost (amateur DENe)
  5274 | D:5      | Killed Analysis's ghost
  5274 | D:5      | Reached skill level 8 in Spellcasting
  5654 | D:5      | Reached skill level 5 in Stealth
  5693 | D:6      | Noticed Dowan
  5708 | D:6      | Noticed Duvessa
  5916 | D:6      | Reached skill level 1 in Evocations
  5962 | D:6      | Killed Dowan
  5974 | D:6      | Killed Duvessa
  6225 | D:6      | Reached skill level 9 in Spellcasting
  6284 | D:6      | Found an ancient bone altar of Kikubaaqudgha.
  6370 | D:6      | Reached XP level 9. HP: 47/47 MP: 17/24
  6387 | D:6      | Reached skill level 5 in Dodging
  6635 | D:7      | Offered knowledge of Flame Tongue by Vehumet.
  6636 | D:7      | Reached ** piety under Vehumet
  7349 | D:8      | Reached skill level 10 in Spellcasting
  7709 | D:8      | Reached skill level 11 in Spellcasting
  7868 | D:7      | Offered knowledge of Mephitic Cloud by Vehumet.
  7873 | D:7      | Learned a level 3 spell: Mephitic Cloud
  7948 | D:8      | Reached skill level 1 in Poison Magic
  7948 | D:8      | Reached skill level 1 in Air Magic
  7948 | D:8      | Reached XP level 10. HP: 44/52 MP: 11/27
  8122 | D:8      | Reached *** piety under Vehumet
  8481 | D:8      | Reached skill level 12 in Spellcasting
  8606 | D:8      | Found a staircase to the Lair.
  8622 | D:8      | Offered knowledge of Ignite Poison by Vehumet.
  8627 | D:8      | Learned a level 3 spell: Ignite Poison
  8832 | D:8      | Reached skill level 10 in Conjurations
  8848 | D:8      | Reached skill level 1 in Transmutations
  9042 | Lair:1   | Entered Level 1 of the Lair of Beasts
  9065 | Lair:1   | Reached skill level 1 in Fire Magic
  9391 | Lair:1   | Noticed an eight-headed hydra
  9455 | Lair:1   | Noticed a black mamba
  9460 | Lair:1   | Killed a black mamba
  9515 | Lair:1   | Noticed a spiny frog
  9530 | Lair:1   | Killed a spiny frog
  9565 | Lair:1   | Annihilated by a komodo dragon

Skill      XL: |  1  2  3  4  5  6  7  8  9 10 |
---------------+-------------------------------+-----
Spellcasting   | 4 5 6 7 9 11 12 | 12.7
Conjurations   | 5 6 7 9 10 | 10.6
Hexes          | 3 4 5 6 |  6.1
Stealth        | 3 5 6 |  6.1
Dodging        | 3 4 5 |  5.1
Fighting       | 1 |  1.2
Throwing       | 1 |  1.1
Evocations     | 2 |  2.0
Poison Magic   | 1 2 |  2.0
Air Magic      | 1 4 |  4.1
Transmutations | 2 |  2.0
Fire Magic     | 4 |  4.3

Action                   |  1- 3 |  4- 6 |  7- 9 | 10-12 || total
-------------------------+-------+-------+-------+-------++-------
Melee: Dagger            |       |     9 |     2 |     1 ||    12
Throw: Stone             |     6 |     4 |     1 |       ||    11
       Tomahawk          |       |       |       |     3 ||     3
 Cast: Magic Dart        |    59 |    66 |    77 |    30 ||   232
       Searing Ray       |     5 |    20 |    46 |    15 ||    86
       Dazzling Spray    |       |     9 |    14 |     1 ||    24
       Fulminant Prism   |       |     8 |    29 |    17 ||    54
       Iskenderun's Myst |       |       |     7 |     4 ||    11
       Mephitic Cloud    |       |       |     1 |    23 ||    24
       Ignite Poison     |       |       |       |    13 ||    13
  Use: Scroll            |       |       |     8 |       ||     8
 Stab: Sleeping          |       |     1 |       |       ||     1
  Eat: Chunk             |     1 |     9 |    12 |     4 ||    26
       Ration            |       |       |     1 |       ||     1
Armor: Robe              |     3 |     3 |    18 |     1 ||    25
Dodge: Dodged            |     3 |    27 |    57 |     7 ||    94
